 Dungeon Crawl Stone Soup version 0.24-a0-462-ge24419a6ad (webtiles) character file.

Game seed: 5732648969960532598

8213 Peloso the Carver (level 11, 0/95 HPs)
             Began as a Minotaur Fighter on July 1, 2019.
             Was an Elder of Okawaru.
             Slain by a manticore (2 damage)
             ... on level 11 of the Dungeon.
             The game lasted 00:24:23 (11915 turns).

Peloso the Carver (Minotaur Fighter)               Turns: 11915, Time: 00:24:25

Health: 0/95       AC: 12    Str: 25    XL:     11   Next: 7%
Magic:  10/10      EV: 13    Int:  5    God:    Okawaru [****..]
Gold:   842        SH: 12    Dex: 12    Spells: 10/10 levels left

rFire    . . .     SeeInvis +   a - +1 falchion (holy)
rCold    . . .     Gourm    .   c - +0 shield
rNeg     . . .     Faith    .   g - +1 swamp dragon scales
rPois    +         Spirit   .   J - +1 hat
rElec    .         Reflect  .   (no cloak)
rCorr    .         Harm     .   U - +0 pair of gloves {Str+3}
MR       +....                  (no boots)
Stlth    +.........             (no amulet)
HPRegen  0.25/turn              v - ring of protection from magic
MPRegen  0.12/turn              O - ring of see invisible

@: no status effects
A: retaliatory headbutt, horns 2
a: Heroism, Renounce Religion


You were on level 11 of the Dungeon.
You worshipped Okawaru.
Okawaru was greatly pleased with you.
You were not hungry.

You visited 2 branches of the dungeon, and saw 12 of its levels.
You also visited: Sewer and Ossuary.

You collected 842 gold pieces.

Inventory:

Hand Weapons
 a - a +1 falchion of holy wrath (weapon)
 t - a +0 hand crossbow
Missiles
 G - 33 bolts
Armour
 b - a +0 scale mail
 c - a +0 shield (worn)
 g - +1 swamp dragon scales (worn)
 I - a +0 plate armour
 J - a +1 hat (worn)
 K - a +0 pair of gloves
 U - a +0 pair of gloves of strength (worn)
Jewellery
 n - an uncursed amulet of rage
 v - a ring of protection from magic (left hand)
 A - an uncursed ring of flight
 F - an uncursed ring of ice
 O - a ring of see invisible (right hand)
 R - an uncursed ring of positive energy {unknown}
Wands
 o - a wand of clouds (1)
 x - a wand of disintegration (9)
 L - a wand of flame (22)
 N - a wand of iceblast (10)
Scrolls
 i - 5 scrolls of enchant armour
 j - 3 scrolls of fog
 l - 8 scrolls of remove curse
 p - 7 scrolls of identify
 y - 2 scrolls of fear {unknown}
 B - 3 scrolls of immolation {unknown}
 C - a scroll of amnesia
 D - a scroll of magic mapping
 E - 2 scrolls of summoning {unknown}
 H - a scroll of random uselessness {unknown}
 M - a scroll of enchant weapon {unknown}
 P - 2 scrolls of teleportation
 T - a scroll of noise {unknown}
Potions
 d - 5 potions of might
 e - 2 potions of mutation
 h - 5 potions of flight
 k - 4 potions of haste
 m - 7 potions of curing
 q - 2 potions of ambrosia
 r - 2 potions of brilliance
 s - 2 potions of heal wounds
 u - a potion of invisibility
 w - a potion of magic {unknown}
 z - a potion of agility {unknown}
 Q - a potion of berserk rage {unknown}
Comestibles
 f - 12 rations


   Skills:
 + Level 8.5 Fighting
 + Level 11.8 Long Blades
 + Level 0.5 Crossbows
 + Level 7.7 Armour
 + Level 6.7 Dodging
 + Level 2.5 Stealth
 + Level 10.8 Shields
 + Level 1.3 Invocations


You had 10 spell levels left.
You didn't know any spells.
Your spell library contained the following spells:

 Spells                   Type           Power        Failure   Level  Hunger
 Shock                    Conj/Air       #...         78%         1    ##.....
 Swiftness                Chrm/Air       #.......     89%         2    ###....
 Static Discharge         Conj/Air       #.......     98%         3    ####...
 Airstrike                Air            #.........   100%        4    #####..
 Bolt of Magma            Conj/Fire/Erth #.........   100%        5    ######.
 Iskenderun's Battlesphe  Conj/Chrm      #.......     100%        5    ######.
 Lightning Bolt           Conj/Air       #.........   100%        5    ######.
 Venom Bolt               Conj/Pois      #.........   100%        5    ######.
 Iron Shot                Conj/Erth      #.........   100%        6    #######
 Orb of Destruction       Conj           #.........   100%        7    #######
 Spellforged Servitor     Conj/Summ      #.........   100%        7    #######


Dungeon Overview and Level Annotations

Branches:
Dungeon (11/15)            Temple (1/1) D:4             Orc (0/2) D:9
   Lair: D:8-11

Altars:
Ashenzari
Cheibriados
Dithmenos
Elyvilon
Fedhas
Gozag
Hepliaklqana
Kikubaaqudgha
Makhleb
Nemelex Xobeh
Okawaru
Qazlal
Ru
Sif Muna
Trog
Uskayaw
Vehumet
Wu Jian
Xom
Yredelemnul
Zin
The Shining One

Shops:
D:4 *   D:5 (   D:10 :

Annotations:
D:3 1 runed translucent door, Tarias's ghost, amateur DEFE


Innate Abilities, Weirdness & Mutations

You reflexively headbutt those who attack you in melee.
You have a pair of horns on your head.


Message History

You headbutt the manticore, but do no damage.
The manticore is heavily wounded.
The manticore barely misses you. The manticore closely misses you. x2
You completely miss the manticore.
The manticore is moderately wounded.
You block the manticore's attack. x2; The manticore claws you!
You slash the manticore! Your headbutt misses the manticore.
The manticore is heavily wounded.
You hit the manticore.
The manticore is severely wounded.
You block the manticore's attack. The manticore claws you. x2
* * * LOW HITPOINT WARNING * * *
You hit the manticore but do no damage. Your headbutt misses the manticore.
The manticore is severely wounded.
The manticore bites you!
* * * LOW HITPOINT WARNING * * *
The manticore claws you!
* * * LOW HITPOINT WARNING * * *
The manticore claws you.
You die...

########################
........................
......H@..##############
..........# ..........#
..........# ..........#
####### ...........
....... ############
....... ....... .......


You could see a manticore.

Vanquished Creatures
  2 two-headed ogres
  A troll (D:11)
  2 hornets
  A hippogriff (D:10)
  Eustachio (D:5)
  3 wyverns
  Edmund (D:6)
  A water moccasin (D:9)
  2 ice beasts
  2 sky beasts
  2 eyes of draining (D:10)
  3 orc warriors
  A black bear (D:9)
  2 phantoms
  7 ogres
  3 centaurs
  4 bullfrogs
  4 big kobolds
  A wyvern zombie (D:7)
  A scorpion (D:6)
  A wyvern skeleton (D:7)
  10 killer bees
  4 bullfrog zombies
  A quasit (D:6)
  A centaur zombie (D:8)
  4 crimson imps
  A bullfrog skeleton (D:6)
  8 jellies
  10 orc priests
  3 centaur skeletons
  2 hounds
  11 orc wizards
  5 iguanas
  7 worker ants
  2 hound zombies
  2 hound skeletons
  8 mummies (Ossuary)
  2 worker ant zombies
  A howler monkey skeleton (D:5)
  13 adders
  10 river rats
  3 shadow imps
  6 oozes
  2 adder skeletons
  2 adder zombies
  3 worms
  A dart slug (D:2)
  7 leopard geckos
  35 orcs
  5 ball pythons
  5 bats
  7 giant cockroaches
  3 goblins
  5 hobgoblins
  18 jackals
  6 quokkas
  6 frilled lizards
  5 hobgoblin zombies (Ossuary)
  A jackal skeleton (D:4)
  34 kobolds
  3 kobold zombies (Ossuary)
  3 quokka skeletons
  25 rats
335 creatures vanquished.

Vanquished Creatures (others)
  An orc wizard (D:3)
  A withered plant (D:3)
2 creatures vanquished.

Grand Total: 337 creatures vanquished

Notes
Turn   | Place    | Note
-------+----------+-------------------------------------------
     0 | D:1      | Peloso the Minotaur Fighter began the quest for the Orb.
     0 | D:1      | Reached XP level 1. HP: 19/19 MP: 0/0
   575 | D:2      | Reached XP level 2. HP: 26/27 MP: 1/1
   905 | D:2      | Reached XP level 3. HP: 33/33 MP: 2/2
   932 | D:2      | Reached skill level 3 in Long Blades
  1361 | D:3      | Found a burning altar of Makhleb.
  1472 | D:3      | Found a runed translucent door.
  1472 | D:3      | Noticed Tarias's ghost (amateur DEFE)
  1484 | D:3      | Reached XP level 4. HP: 34/40 MP: 3/3
  1722 | D:3      | Found a glowing drain.
  1730 | Sewer    | Entered a sewer
  1758 | Sewer    | Noticed a big kobold
  1769 | Sewer    | Killed a big kobold
  1769 | Sewer    | Reached skill level 4 in Long Blades
  1769 | Sewer    | Reached skill level 1 in Dodging
  1769 | Sewer    | Reached XP level 5. HP: 33/47 MP: 4/4
  1913 | Sewer    | Reached skill level 5 in Shields
  1938 | Sewer    | Reached XP level 6. HP: 34/53 MP: 5/5
  2080 | Sewer    | Reached skill level 5 in Long Blades
  2386 | D:4      | Found a staircase to the Ecumenical Temple.
  2403 | Temple   | Entered the Ecumenical Temple
  3203 | D:4      | HP: 2/55 [orc priest/divine providence (9)]
  3213 | D:4      | HP: 1/55 [orc wizard/puff of frost (9)]
  3748 | D:4      | Noticed a sky beast
  3757 | D:4      | Killed a sky beast
  3757 | D:4      | Reached skill level 5 in Fighting
  3757 | D:4      | Reached XP level 7. HP: 54/61 MP: 6/6
  3763 | D:4      | Found a hide-covered altar of Uskayaw.
  3805 | D:4      | Reached skill level 6 in Long Blades
  3805 | D:4      | Reached skill level 5 in Armour
  4158 | D:4      | Found Vinluon's Elemental Accessories.
  4265 | D:5      | Entered Level 5 of the Dungeon
  4749 | D:5      | Reached XP level 8. HP: 61/69 MP: 7/7
  4753 | D:5      | Noticed Eustachio
  4785 | D:5      | Reached skill level 7 in Long Blades
  4991 | D:5      | Killed Eustachio
  5030 | D:5      | Found a glowing golden altar of the Shining One.
  5466 | D:5      | Found Teunko's Weapon Emporium.
  5506 | D:5      | Found a hazy altar of Hepliaklqana.
  5507 | D:5      | Found a stormy altar of Qazlal.
  5507 | D:5      | Found a shattered altar of Ashenzari.
  5509 | D:5      | Found an ornate altar of the Wu Jian Council.
  5512 | D:5      | Found an iron altar of Okawaru.
  5512 | D:5      | Found a basalt altar of Yredelemnul.
  5554 | D:5      | Became a worshipper of Warmaster Okawaru
  5772 | D:6      | Reached skill level 8 in Long Blades
  5816 | D:6      | Reached skill level 1 in Stealth
  5986 | D:6      | Found a sand-covered staircase.
  5993 | Ossuary  | Entered an ossuary
  6105 | Ossuary  | Reached * piety under Okawaru
  6105 | Ossuary  | Reached XP level 9. HP: 52/75 MP: 8/8
  6518 | D:6      | Noticed Edmund
  6546 | D:6      | Killed Edmund
  6546 | D:6      | Reached skill level 9 in Long Blades
  6850 | D:6      | Found a sparkling altar of Nemelex Xobeh.
  7099 | D:7      | Noticed a two-headed ogre
  7116 | D:7      | Killed a two-headed ogre
  7116 | D:7      | Reached ** piety under Okawaru
  7116 | D:7      | Reached skill level 5 in Dodging
  7718 | D:7      | Reached skill level 10 in Long Blades
  8617 | D:8      | Reached XP level 10. HP: 86/86 MP: 9/9
  8647 | D:8      | Paralysed by a hornet for 1 turns
  9225 | D:8      | Found a glowing silver altar of Zin.
  9272 | D:8      | Found a sacrificial altar of Ru.
  9563 | D:8      | Reached *** piety under Okawaru
 10106 | D:9      | Found a staircase to the Orcish Mines.
 10487 | D:9      | Reached skill level 11 in Long Blades
 10634 | D:9      | Reached skill level 10 in Shields
 10775 | D:9      | Reached skill level 1 in Invocations
 10895 | D:10     | Entered Level 10 of the Dungeon
 11008 | D:10     | Noticed a two-headed ogre
 11034 | D:10     | Killed a two-headed ogre
 11034 | D:10     | Reached **** piety under Okawaru
 11328 | D:10     | Found Hapailoe's Book Emporium.
 11455 | D:10     | Reached XP level 11. HP: 95/95 MP: 10/10
 11915 | D:11     | HP: 2/95 [manticore (8)]
 11915 | D:11     | Slain by a manticore

Levels and vault maps discovered:
D:1:      scummos_arrival_checkerplants, layout_basic
D:2:      layout_basic
D:3:      layout_rooms, gup_sewer_entry_bubbles, gammafunk_ghost_grave,
          bloody_makhleb
D:4:      layout_basic, eat_drink_and_be_merry_uskayaw,
          minmay_temple_entry_sparse_star, nicolae_elemental_shop,
          minmay_misc_feat_four_crosses, chequers_serial_rivers_micro_a,
          st_stairs_3, grunt_ministairs_6
D:5:      layout_basic, grunt_temple_overflow_open, serial_shops, shop,
          first_ration, uniq_eustachio
D:6:      layout_cave_pods, lemuel_crystal_altar, chequers_ossuary_entry_cave,
          hangedman_decor_clover_reticule, uniq_edmund
D:7:      layout_layer_cave
D:8:      layout_basic, zin_academy, hangedman_little_slice_of_home,
          skrybe_limestone_x, nicolae_ru_great_annihilating_truth
D:9:      layout_basic, david_orc_3, minivault_16
D:10:     layout_loops_cross, serial_shops, shop, minmay_misc_feat_more_columns,
          hangedman_glass_teeth
D:11:     nrook_guardian_serpent_snake_passage, layout_long_grid,
          lair_entry_dummy, gammafunk_ghost_spectres
Temple:   minmay_temple_forest_path

Skill      XL: |  1  2  3  4  5  6  7  8  9 10 |
---------------+-------------------------------+-----
Armour         | 4 5 6 7 |  7.7
Shields        | 4 5 6 7 9 10 | 10.8
Fighting       | 4 5 6 7 8 |  8.5
Long Blades    | 3 4 5 6 8 10 11 | 11.8
Dodging        | 1 2 3 4 5 6 |  6.7
Stealth        | 1 2 |  2.5
Invocations    | 1 |  1.3
Crossbows      | |  0.5

Action                   |  1- 3 |  4- 6 |  7- 9 | 10-12 || total
-------------------------+-------+-------+-------+-------++-------
Melee: Long sword        |    87 |   192 |   188 |       ||   467
       Headbutt          |    15 |    33 |   100 |    96 ||   244
       Falchion          |       |       |   227 |   425 ||   652
 Fire: Hand crossbow     |       |       |     5 |       ||     5
Invok: Heroism           |       |       |     1 |     7 ||     8
Evoke: Wand              |       |       |     1 |       ||     1
  Use: Scroll            |     6 |       |     8 |       ||    14
       Potion            |       |     5 |       |       ||     5
 Stab: Confused          |       |       |     2 |       ||     2
       Paralysed         |       |       |       |     1 ||     1
       Sleeping          |       |       |       |     1 ||     1
  Eat: Chunk             |     1 |     4 |     9 |    10 ||    24
       Ration            |       |     1 |     2 |     1 ||     4
Armor: Chain mail        |     3 |       |       |       ||     3
       Scale mail        |     2 |       |       |       ||     2
       Swamp dragon scal |    32 |   116 |   142 |    79 ||   369
Dodge: Dodged            |    28 |   100 |   184 |   119 ||   431
Block: Shield            |    44 |   148 |   259 |   191 ||   642
       Rpst.: Long sword |     5 |    23 |    26 |       ||    54
       Falchion          |       |       |    15 |    30 ||    45

Table legend:
 A = Non-vault XP
 B = Vault XP
 C = Vault XP percentage of total XP
 D = Non-vault monster count
 E = Vault monster count
 F = Vault count percentage of total count
                 A         B        C        D         E       F
            +---------+---------+-------+---------+---------+-------
      Total |   10518 |    1216 |  10.4 |     241 |      95 |  28.3
            +---------+---------+-------+---------+---------+-------
        D:1 |       8 |       0 |   0.0 |       5 |       0 |   0.0
        D:2 |      45 |       0 |   0.0 |      19 |       0 |   0.0
        D:3 |      89 |      35 |  28.2 |      23 |       7 |  23.3
        D:4 |     535 |      48 |   8.2 |      21 |       4 |  16.0
        D:5 |     843 |     197 |  18.9 |      26 |       1 |   3.7
        D:6 |    1071 |     154 |  12.6 |      26 |       1 |   3.7
        D:7 |    2151 |       0 |   0.0 |      41 |       0 |   0.0
        D:8 |    1564 |     177 |  10.2 |      38 |      12 |  24.0
        D:9 |    1348 |     168 |  11.1 |      22 |       6 |  21.4
       D:10 |    2361 |       0 |   0.0 |      17 |       0 |   0.0
       D:11 |     503 |       0 |   0.0 |       3 |       0 |   0.0
      Sewer |       0 |     282 | 100.0 |       0 |      48 | 100.0
    Ossuary |       0 |     155 | 100.0 |       0 |      16 | 100.0
            +---------+---------+-------+---------+---------+-------
